 Dungeon Crawl Stone Soup version 0.18.1-50-g88ac8fd (webtiles) character file.

1759 Gemmine the Ducker (level 8, -11/61 HPs)
             Began as a Demonspawn Gladiator on Feb 7, 2017.
             Was an Initiate of Ashenzari.
             Mangled by a hill giant
             ... wielding a +0 giant spiked club
              (26 damage)
             ... on level 7 of the Dungeon on Feb 8, 2017.
             The game lasted 00:16:08 (4833 turns).

Gemmine the Ducker (Demonspawn Gladiator)           Turns: 4833, Time: 00:16:08

Health: -11/61     AC: 16    Str: 19    XL:     8   Next: 79%
Magic:  0/8        EV:  8    Int:  9    God:    Ashenzari [......]
Gold:   350        SH:  6    Dex: 15    Spells: 0 memorised, 7 levels left

rFire  . . .     SeeInvis +     a - +2 long sword
rCold  . . .     Gourm    .     y - +0 plate armour
rNeg   . . .     Faith    .     n - +2 buckler
rPois  +         Spirit   +     c - +1 helmet
rElec  .         Dismiss  .     (no cloak)
rCorr  .         Reflect  .     (no gloves)
SustAt .         Harm     .     e - +0 pair of boots
MR     .....                    l - amulet of regeneration
Stlth  ..........               s - ring of poison resistance
                                q - ring of see invisible

@: not resistant to hostile enchantments, extremely unstealthy
A: talons 2, icy blue scales 1, agile 1, powered by death 1, magic shield
a: Curse Item, Renounce Religion


You were on level 7 of the Dungeon.
You worshipped Ashenzari.
Ashenzari was noncommittal.
You were not hungry.

You visited 2 branches of the dungeon, and saw 8 of its levels.

You collected 350 gold pieces.

Inventory:

Hand Weapons
 a - a +2 long sword (weapon)
Missiles
 d - 3 throwing nets (quivered)
 u - 2 tomahawks
 v - 4 javelins
Armour
 c - a +1 helmet (worn)
 e - a +0 pair of boots (worn)
 n - a +2 buckler (worn)
 y - a +0 plate armour (worn)
Jewellery
 b - an uncursed ring of flight
 l - an amulet of regeneration (around neck)
 q - a ring of see invisible (left hand)
 s - a ring of poison resistance (right hand)
Scrolls
 i - 2 scrolls of fog
 k - a scroll of remove curse
 o - 3 scrolls of recharging
 x - 2 scrolls of identify
 z - a scroll of enchant weapon
Potions
 m - a potion of flight
 p - 2 potions of brilliance
 w - a potion of cure mutation
Comestibles
 f - 6 bread rations
 g - 6 fruits
 h - 3 meat rations
 r - 2 beef jerkies
 t - a slice of pizza


   Skills:
 + Level 4.8 Fighting
 + Level 5.4 Long Blades
 + Level 2.0 Throwing
 + Level 5.3 Armour
 + Level 5.8 Dodging
 + Level 1.1 Stealth
 + Level 2.2 Shields


You had 7 spell levels left.
You didn't know any spells.

Dungeon Overview and Level Annotations

Branches:
Dungeon (7/15)             Temple (1/1) D:6

Altars:
Ashenzari
Cheibriados
Dithmenos
Elyvilon
Fedhas
Gozag
Kikubaaqudgha
Makhleb
Nemelex Xobeh
Pakellas
Qazlal
Ru
Sif Muna
Trog
Vehumet
Xom
Yredelemnul
Zin
The Shining One


Innate Abilities, Weirdness & Mutations

You have razor-sharp toenails.
You are partially covered in icy blue scales (AC +1).
You regenerate a little health from kills.
When hurt, damage is shared between your health and your magic reserves.
You are agile. (Dex +2)


Message History

The giant frog closely misses you. The gnoll hits you but does no damage.
Drink which item? (? for menu, Esc to quit)
You feel better. You block the giant frog's attack.
The gnoll completely misses you.
The hill giant hits you with a giant spiked club!
* * * LOW HITPOINT WARNING * * *
You block the giant frog's attack.
You closely miss the giant frog.
The giant frog is heavily wounded.
The giant frog hits you but does no damage.
The gnoll hits you but does no damage. You block the hill giant's attack.
You hit the giant frog.
The giant frog is heavily wounded.
The giant frog hits you but does no damage.
You block the gnoll's attack. You block the giant frog's attack.
You closely miss the giant frog.
The giant frog is heavily wounded.
The giant frog completely misses you.
The hill giant hits you with a giant spiked club!!
You die...

##.[.#.....#.!. #...# #
#(.....#.....# ###....####
#..###.#....#. ..# ## #.#.#
#......#...## ### ...# #.###...
#...#...(.###...# #...# #.#.#.#
.#...#....#...##.#....######.....
.....#......####.#...............
.##.o...###.##ZF.....# #.......#
# ##ZgF## #.##.#@# ### #.##.##.#
##.## #>##.#C## #.. .........
#.#####.o.FgF.# #.# #.#####[#
#..........##.# #.# #.#####.#
####.##.##.##.###)###.......#
#.##....##.........####..#
#.##.##.##<........####..#
#.##.##.##.........#......
#..>...............#.##..#


You could see a hill giant, 2 giant frogs, a gnoll and a giant frog skeleton.

Vanquished Creatures
  Pikel (D:6)
  An ice beast (D:7)
  A sky beast (D:7)
  Blork the orc (D:5)
  4 giant frogs
  3 scorpions (D:5)
  A crimson imp (D:6)
  A hound (D:5)
  2 jellies (D:5)
  3 centaur skeletons
  A giant frog skeleton (D:6)
  An iguana (D:5)
  Terence (D:2)
  4 orc wizards
  3 worker ants
  4 gnolls
  8 adders
  A howler monkey skeleton (D:7)
  A shadow imp (D:7)
  An ooze (D:2)
  4 worms
  A dart slug (D:2)
  A giant gecko (D:1)
  11 orcs
  2 ball pythons
  7 bats
  2 giant cockroaches
  7 goblins
  10 hobgoblins
  2 jackals (D:3)
  6 kobolds
  A giant gecko skeleton (D:5)
  A giant newt (D:2)
  A jackal skeleton (D:6)
  3 rats
102 creatures vanquished.

Vanquished Creatures (others)
  A wyvern skeleton (D:6)
  A hound skeleton (D:6)
  An orc (D:6)
3 creatures vanquished.

Grand Total: 105 creatures vanquished

Notes
Turn   | Place    | Note
--------------------------------------------------------------
     0 | D:1      | Gemmine the Demonspawn Gladiator began the quest for the Orb.
     0 | D:1      | Reached XP level 1. HP: 16/16 MP: 1/1
   175 | D:1      | Gained mutation: You have sharp toenails. [demonic ancestry]
   175 | D:1      | Reached XP level 2. HP: 15/22 MP: 2/2
   586 | D:1      | Found a sparkling altar of Nemelex Xobeh.
   800 | D:2      | Gained mutation: When hurt, damage is shared between your health and your magic reserves. [demonic ancestry]
   800 | D:2      | Reached XP level 3. HP: 8/27 MP: 3/3
  1276 | D:2      | Found a white marble altar of Elyvilon.
  1278 | D:2      | Noticed Terence
  1292 | D:2      | Killed Terence
  1292 | D:2      | Gained mutation: You regenerate a little health from kills. [demonic ancestry]
  1292 | D:2      | Reached XP level 4. HP: 34/34 MP: 2/4
  1662 | D:3      | Found a deep blue altar of Sif Muna.
  1714 | D:3      | Reached skill level 1 in Armour
  1778 | D:3      | Found a basalt altar of Yredelemnul.
  1892 | D:3      | Found a stormy altar of Qazlal.
  1893 | D:3      | Found a glowing silver altar of Zin.
  2140 | D:3      | Gained mutation: You have razor-sharp toenails. [demonic ancestry]
  2140 | D:3      | Reached XP level 5. HP: 6/40 MP: 0/5
  2224 | D:4      | Found a bloodstained altar of Trog.
  3024 | D:5      | Entered Level 5 of the Dungeon
  3030 | D:5      | Reached XP level 6. HP: 47/47 MP: 6/6
  3108 | D:5      | Noticed Blork the orc
  3119 | D:5      | Killed Blork the orc
  3288 | D:5      | Reached skill level 1 in Stealth
  3314 | D:5      | Gained mutation: You are partially covered in icy blue scales (AC +1). [demonic ancestry]
  3314 | D:5      | Reached XP level 7. HP: 37/52 MP: 3/7
  3703 | D:6      | Found an oddly glowing altar of Pakellas.
  3720 | D:6      | Noticed Pikel
  3761 | D:6      | Killed Pikel
  3761 | D:6      | Reached skill level 5 in Dodging
  3761 | D:6      | Reached skill level 1 in Shields
  3761 | D:6      | Reached XP level 8. HP: 49/61 MP: 5/8
  3922 | D:6      | Found a staircase to the Ecumenical Temple.
  3969 | Temple   | Entered the Ecumenical Temple
  4034 | Temple   | Became a worshipper of Ashenzari the Shackled
  4218 | D:6      | Reached skill level 5 in Long Blades
  4366 | D:6      | Reached skill level 5 in Armour
  4631 | D:7      | Gained mutation: You are agile. (Dex +2) [mutagenic meat]
  4775 | D:7      | Noticed a hill giant
  4833 | D:7      | Mangled by a hill giant

Skill      XL: |  1  2  3  4  5  6  7  8 |
---------------+-------------------------+-----
Dodging        | 3 4 5 |  5.8
Long Blades    | 3 4 5 |  5.4
Armour         | 1 2 3 4 5 |  5.3
Fighting       | 3 4 |  4.8
Stealth        | 1 |  1.1
Throwing       | 2 |  2.0
Shields        | 1 2 |  2.2

Action                   |  1- 3 |  4- 6 |  7- 9 || total
-------------------------+-------+-------+-------++-------
Melee: Long sword        |   113 |   149 |   189 ||   451
       Kick              |    18 |     4 |       ||    22
Throw: Throwing net      |     4 |     2 |       ||     6
  Use: Scroll            |     8 |     5 |     3 ||    16
       Potion            |     7 |     2 |     2 ||    11
 Stab: Held in net/web   |     1 |       |       ||     1
  Eat: Meat ration       |     1 |     1 |     1 ||     3
       Chunk             |       |       |     2 ||     2
Armor: Leather armour    |    27 |       |       ||    27
       Scale mail        |    53 |    82 |    67 ||   202
       Plate armour      |       |       |    44 ||    44
Dodge: Dodged            |   118 |   110 |   118 ||   346
Block: Buckler           |       |    13 |    53 ||    66
